 Dungeon Crawl Stone Soup version 0.26-a0-852-g6321bf7485 (webtiles) character file.

Game seed: 629207740582901898

27 dickylongcocking the Stinger (level 3, 0/24 HPs)
             Began as a Formicid Venom Mage on Nov 21, 2020.
             Slain by a water moccasin (9 damage)
             ... on level 2 of the Dungeon.
             The game lasted 00:01:11 (1467 turns).

dickylongcocking the Stinger (Formicid Venom Mage)  Turns: 1467, Time: 00:01:12

Health: 0/24       AC:  3    Str: 12    XL:     3   Next: 25%
Magic:  1/6        EV: 11    Int: 17    God:
Gold:   21         SH:  0    Dex: 11    Spells: 5/6 levels left

rFire    . . .     SeeInvis +   d - +0 club
rCold    . . .     Faith    .   (no shield)
rNeg     . . .     Spirit   .   g - +0 leather armour
rPois    .         Reflect  .   (helmet unavailable)
rElec    .         Harm     .   (no cloak)
rCorr    .         Rampage  .   (no gloves)
MR       .....     Clarity  +   (no boots)
Stlth    ++........             (no amulet)
HPRegen  0.08/turn              (no ring)
MPRegen  0.10/turn              (no ring)

@: no status effects
A: permanent stasis, dig shafts and tunnels, four strong arms, antennae 3,
clarity, clever 1
a: Dig, Shaft Self


You were on level 2 of the Dungeon.
You visited 1 branch of the dungeon, and saw 2 of its levels.

You collected 21 gold pieces.

Inventory:

Hand Weapons
 d - a +0 club (weapon)
Armour
 a - a +0 robe
 g - a +0 leather armour (worn)
Scrolls
 b - a scroll of random uselessness {unknown}
 c - a scroll of fog {unknown}
 e - a scroll of magic mapping {unknown}
 f - 2 scrolls of enchant armour {unknown}
 j - a scroll of noise {unknown}


   Skills:
 - Level 1.7 Dodging
 - Level 2.4 Stealth
 - Level 2.1 Spellcasting
 - Level 1.1 Transmutations
 * Level 5.5 Poison Magic


You had 5 spell levels left.
You knew the following spells:

 Your Spells              Type           Power        Failure   Level
a - Sting                 Tmut/Pois      ##..         6%          1

Your spell library contained the following spells:

 Spells                   Type           Power        Failure   Level
 Poisonous Vapours        Pois/Air       ##....       12%         2
 Olgreb's Toxic Radiance  Pois           ###.....     24%         4
 Ignite Poison            Fire/Tmut/Pois #.......     28%         3
 Mephitic Cloud           Conj/Pois/Air  #.......     34%         3


Dungeon Overview and Level Annotations

Branches:
Dungeon (2/15)

Altars:


Innate Abilities, Weirdness & Mutations

You cannot be hasted, slowed, berserked, paralysed or teleported.
You can dig through walls and to a lower floor.
Your four strong arms can wield two-handed weapons with a shield.
You have a pair of large antennae on your head. (SInv)
You possess an exceptional clarity of mind.
Your mind is acute. (Int +2)


Message History

Aiming: Sting (safe; 7% risk of failure)
Press: ? - help, Shift-Dir - straight line, f/p - water moccasin
Aim: a water moccasin (lightly wounded, very poisoned)
The sting misses the water moccasin.
The water moccasin closely misses you.
Unknown command.
Unknown command.
Casting: Sting (safe; 7% risk of failure)
Confirm with . or Enter, or press ? or * to list all spells.
Aiming: Sting (safe; 7% risk of failure)
Press: ? - help, Shift-Dir - straight line, f/p - water moccasin
Aim: a water moccasin (moderately wounded, very poisoned)
The sting hits the water moccasin.
The water moccasin looks as sick as possible!
The water moccasin is moderately wounded.
The water moccasin bites you!
Unknown command.
It was a potion of mutation.
You feel extremely strange.
You feel clever.
Your thoughts seem clearer.
The water moccasin barely misses you. The water moccasin bites you!
You die...

### ##.##
######.#.##
#.....###<#
#.####.#.## ##.##
#.#######
#.......#######
#######..@S..?#####
#####.......#
#.......# #.......#
#.......# #.......#
#.......# ........#
#..#.#.##


You could see a water moccasin (extremely poisoned).

Vanquished Creatures
  2 dart slugs (D:1)
  A giant cockroach (D:1)
  3 goblins (D:1)
  2 hobgoblins (D:1)
  4 jackals (D:1)
  2 bats (D:1)
  A frilled lizard (D:1)
  3 kobolds (D:1)
  5 rats
23 creatures vanquished.

Notes
Turn   | Place    | Note
-------+----------+-------------------------------------------
     0 | D:1      | dickylongcocking the Formicid Venom Mage began the quest
                  | for the Orb.
     0 | D:1      | Reached XP level 1. HP: 13/13 MP: 3/3
   117 | D:1      | Reached XP level 2. HP: 3/19 MP: 0/5
   540 | D:1      | Reached skill level 5 in Poison Magic
  1070 | D:1      | Reached XP level 3. HP: 24/24 MP: 3/6
  1455 | D:2      | Noticed a water moccasin
  1467 | D:2      | Gained mutation: Your mind is acute. (Int +2) [potion of
                  | mutation]
  1467 | D:2      | Gained mutation: You possess an exceptional clarity of
                  | mind. [potion of mutation]
  1467 | D:2      | Slain by a water moccasin

Illustrated notes

Levels and vault maps discovered:
D:1:      ebering_trefoil_twist, layout_rooms, serial_co_window_serial,
          co_window_of_opportunity_a, co_window_of_opportunity_a,
          co_window_paths_a, co_window_paths_a, co_window_paths_b,
          co_window_paths_a, co_window_paths_a, co_window_broadway_c,
          co_window_2corner, co_window_of_opportunity_c, co_window_broadway_a,
          co_window_of_opportunity_b, co_window_2corner, glass_columns_a,
          glass_columns_c
D:2:      layout_loops_cross, lightli_temple_of_fire, small_statue_intersection,
          uniq_sigmund

Skill      XL: |  1  2 |
---------------+-------+-----
Poison Magic   | 5 |  5.5
Dodging        | |  1.7
Stealth        | |  2.4
Spellcasting   | |  2.1
Transmutations | |  1.1

Action                   || total
-------------------------++-------
Melee: Club              ||    12
 Cast: Sting             ||    43
  Use: Potion            ||     2
Armor: Robe              ||     1
       Leather armour    ||     4
Dodge: Dodged            ||    21

Table legend: (Time is in decaauts)
 A = Elapsed time spent in this place.
 B = Non-inter-level travel time spent in this place.
 C = Inter-level travel time spent in this place.
 D = Time resting spent in this place.
 E = Time spent auto-exploring this place.
 F = Levels seen in this place.
 G = Mean time per level.
                   A        B        C        D        E       F      G
               +--------+--------+--------+--------+--------+-----+--------+
         Total |   1470 |   1435 |     35 |    339 |    914 |   2 |  735.0 |
       Dungeon |   1470 |   1435 |     35 |    339 |    914 |   2 |  735.0 |
               +--------+--------+--------+--------+--------+-----+--------+

Top non-repeatable levels by time:
     D:1: 1407 daAuts
     D:2: 63 daAuts
